 Dungeon Crawl Stone Soup version 0.24.0-41-g2ae2f7f1be (webtiles) character file.

Game seed: 424147972208889733, levelgen mode: deterministic

18 Descartes the Ducker (level 2, -3/14 HPs)
             Began as a Felid Monk on Dec 10, 2019.
             Slain by a gnoll
             ... wielding a +0 halberd
              (13 damage)
             ... on level 1 of the Dungeon.
             The game lasted 00:01:01 (382 turns).

Descartes the Ducker (Felid Monk)                    Turns: 382, Time: 00:01:01

Health: -3/14      AC:  1    Str:  7    XL:     2   Next: 48%
Magic:  3/3        EV: 20    Int: 11    God:
Gold:   11         SH:  0    Dex: 18    Spells: 1/1 levels left
                                        Lives:  0   Deaths: 0

rFire    . . .     SeeInvis +     - Unarmed
rCold    . . .     Gourm    .   (shield unavailable)
rNeg     . . .     Faith    .   (armour unavailable)
rPois    .         Spirit   .   (helmet unavailable)
rElec    .         Reflect  .   (cloak unavailable)
rCorr    .         Harm     .   (gloves unavailable)
MR       .....                  (boots unavailable)
Stlth    +++.......             (no amulet)
HPRegen  0.04/turn              (no ring)
MPRegen  0.08/turn              (no ring)

@: quick
A: very small, no armour, no weapons or thrown items, stealth, claws 1, fangs 3,
see invisible, carnivore, speed 1, shaggy fur 1, slow metabolism 1, sharp paws
a: no special abilities


You were on level 1 of the Dungeon.
You were completely stuffed.

You visited 1 branch of the dungeon, and saw 1 of its levels.

You collected 11 gold pieces.

Inventory:

Scrolls
 b - a scroll of enchant weapon {unknown}
 c - a scroll of noise {unknown}
Comestibles
 a - 2 rations
 d - 3 chunks of flesh


   Skills:
 + Level 3.1 Fighting
 + Level 4.2 Dodging
 + Level 3.1 Stealth
 * Level 3.3 Unarmed Combat


You had one spell level left.
You didn't know any spells.
Your spell library was empty.

Dungeon Overview and Level Annotations

Branches:
Dungeon (1/15)

Altars:


Innate Abilities, Weirdness & Mutations

You cannot wear armour.
You are incapable of wielding weapons or throwing items.
Your paws allow you to move quietly. (Stealth)
You have sharp claws.
You have razor-sharp teeth.
You have supernaturally acute eyesight. (SInv)
You are carnivorous and can eat meat at any time.
You cover ground quickly.
You are covered in fur. (AC +1)
You have a slow metabolism.
Your sharp claws are effective at attacking unaware monsters.


Message History

You kill the hobgoblin!
The gnoll misses you. The kobold closely misses you.
You scratch the kobold but do no damage.
The kobold completely misses you. The gnoll barely misses you.
You scratch the kobold but do no damage.
The kobold misses you.
You scratch the kobold but do no damage.
The gnoll misses you. The kobold hits you with a +0 dagger.
You closely miss the kobold. The gnoll completely misses you.
The kobold barely misses you.
You closely miss the kobold. The gnoll completely misses you.
The kobold hits you with a +0 dagger.
You scratch the kobold but do no damage.
You bite the kobold.
The kobold is heavily wounded.
You scratch the kobold.
You kill the kobold!
The gnoll hits you from afar with a +0 halberd!
Ouch! That really hurt!
You die...

######### ###.......#
.........# ###.......#
##########
..........########l........
#.....).....@)gg.........
#.......#########r.###.#
#.......# #....# ######.##
#).#.# .#.# #...#.#######
#..# .. .#.###.#..........
#..# .# ................#.
#... .. .#.###.###.####.#
#..## .# .#.# #.# #.# #
#..# #


You could see a gnoll, a goblin, a frilled lizard and a rat.

Vanquished Creatures
  2 dart slugs (D:1)
  A giant cockroach (D:1)
  3 goblins (D:1)
  2 hobgoblins (D:1)
  A frilled lizard (D:1)
  4 kobolds (D:1)
  A rat (D:1)
14 creatures vanquished.

Notes
Turn   | Place    | Note
-------+----------+-------------------------------------------
     0 | D:1      | Descartes the Felid Monk began the quest for the Orb.
     0 | D:1      | Reached XP level 1. HP: 10/10 MP: 2/2
   236 | D:1      | Reached XP level 2. HP: 14/14 MP: 3/3
   382 | D:1      | Slain by a gnoll

Levels and vault maps discovered:
D:1:      lemuel_arrival_broad_hall, layout_loops_ring, minmay_indecisive_spiral

Skill      XL: |  1 |
---------------+----+-----
Stealth        | 3 |  3.1
Fighting       | |  3.1
Dodging        | |  4.2
Unarmed Combat | |  3.3

Action                   || total
-------------------------++-------
Melee: Unarmed           ||    26
       Bite              ||     2
 Stab: Sleeping          ||     3
  Eat: Chunk             ||     6
Dodge: Dodged            ||    17
